 Dungeon Crawl Stone Soup version 0.31-a0-479-g91c9547826 (webtiles) character file.

Game seed: 9515826920923245329

105 Conn the Firebug (level 4, -8/27 HPs)
             Began as an Octopode Fire Elementalist on Aug 7, 2023.
             Killed by divine providence
             ... invoked by an orc priest
              (12 damage)
             ... on level 3 of the Dungeon.
             The game lasted 00:04:55 (1934 turns).

Conn the Firebug (Octopode Fire Elementalist)       Turns: 1934, Time: 00:04:56

Health: -8/27      AC:  7    Str:  7    XL:     4   Next: 83%
Magic:  3/7        EV: 13    Int: 19    God:
Gold:   102        SH:  0    Dex: 12    Spells: 6/7 levels left

rFire   . . .        e - +0 dagger
rCold   . . .        (no shield)
rNeg    . . .        (helmet restricted)
rPois   .            (no amulet)
rElec   .            b - +4 ring of protection
rCorr   .            (no ring)
SInv    +            (no ring)
Will    .....        (no ring)
Stlth   ++++         (no ring)
HPRegen 0.24/turn    (no ring)
MPRegen 0.10/turn    (no ring)
                     (no ring)

%: no passive effects
@: very slightly contaminated, unable to read
A: almost no armour, amphibious, 8 rings, camouflage 2, gelatinous body 1,
(nimble swimmer 1), tentacles, iridescent scales 1, see invisible, inability to
read after injury 1
a: no special abilities


You were on level 3 of the Dungeon.
You visited 1 branch of the dungeon, and saw 3 of its levels.

You collected 102 gold pieces.

Inventory:

Hand Weapons
 e - a +0 dagger (weapon)
Jewellery
 b - a +4 ring of protection (left tentacle)
Scrolls
 g - a scroll of fog {unknown}
Potions
 a - a potion of magic


   Skills:
 + Level 0.7 Short Blades
 + Level 0.6 Throwing
 + Level 2.6 Dodging
 + Level 3.4 Stealth
 + Level 2.3 Spellcasting
 + Level 1.5 Conjurations
 + Level 4.0 Fire Magic


You had 6 spell levels left.
You knew the following spells:

 Your Spells              Type           Power      Damage    Failure   Level
a - Foxfire               Conj/Fire      48%        2x1d6     5%          1

Your spell library contained the following spells:

 Spells                   Type           Power      Damage    Failure   Level
 Scorch                   Fire           34%        2d6       4%          2
 Inner Flame              Hex/Fire       9%         N/A       22%         3
 Volatile Blastmotes      Fire/Tloc      18%        2d11      22%         3
 Flame Wave               Conj/Fire      12%        2d6       45%         4


Dungeon Overview and Level Annotations

Branches:
Dungeon (3/15)

Altars:


Innate Abilities, Weirdness & Mutations

You cannot wear most types of armour.
You are amphibious.
You can wear up to eight rings at the same time.
Your skin blends seamlessly with your surroundings (Stealth++).
Your rubbery body absorbs attacks. (AC +1, EV +1)
((You are camouflaged when in or above water. (Stealth+)))
You have tentacles for arms and can constrict up to eight enemies at once.
You are partially covered in iridescent scales. (AC +2)
You have supernaturally acute eyesight. (SInv)
You occasionally lose the ability to read scrolls when taking damage.


Message History

The orc priest hits you with a +0 hand axe.
Unknown command.
You hit the orc priest but do no damage.
The orc priest is severely wounded.
You constrict the orc priest.
You kill the orc priest!
The orc priest invokes the aid of Beogh against you.
Beogh smites you!
You feel threatened and lose the ability to read scrolls!
* * * LOW HITPOINT WARNING * * *
Okay, then.
Unknown command.
Casting: Foxfire (safe; 5% risk of failure)
Confirm with . or Enter, or press ? or * to list all spells.
Okay, then.
Unknown command.
Found a ring mail.
Found a pair of gloves.
The orc priest looks encouraged for a moment.
Casting: Foxfire (safe; 5% risk of failure)
Confirm with . or Enter, or press ? or * to list all spells.
You conjure some foxfire!
You can read scrolls again.
Unknown command.
Casting: Foxfire (safe; 5% risk of failure)
Confirm with . or Enter, or press ? or * to list all spells.
You miscast Foxfire.
You are very lightly contaminated with residual magic.
Nothing appears to happen.
The foxfire hits the quokka but does no damage.
The orc priest miscasts a cantrip.
The foxfire hits the quokka.
The quokka is moderately wounded.
Casting: Foxfire (safe; 5% risk of failure)
Confirm with . or Enter, or press ? or * to list all spells.
You conjure some foxfire!
The orc priest invokes the aid of Beogh against you.
Beogh smites you!
You feel threatened and lose the ability to read scrolls!
You die...

#########
#.....v.#
.....§v@#
....§..§######
..#.§.§.o.o)(#
#.r#§.####<#
.[......# #.#
........# #..
PPP.....# #o##
PP....### #.#
..... #..


You could see an orc priest (ally target) and a quokka.

Vanquished Creatures
  An orc priest (D:3)
  Terence (D:2)
  2 adders (D:2)
  A worm (D:2)
  3 endoplasms
  2 giant cockroaches (D:1)
  A hobgoblin (D:2)
  A kobold (D:2)
  3 quokkas (D:1)
  4 ball pythons
  3 bats (D:1)
  4 frilled lizards
  4 goblins
  2 rats
32 creatures vanquished.

Vanquished Creatures (others)
  76 foxfires
76 creatures vanquished.

Grand Total: 108 creatures vanquished

Notes
Turn   | Place    | Note
-------+----------+-------------------------------------------
     0 | D:1      | Conn the Octopode Fire Elementalist began the quest for the
                  | Orb.
     0 | D:1      | Reached XP level 1. HP: 11/11 MP: 3/3
   263 | D:1      | Reached XP level 2. HP: 15/17 MP: 0/5
   954 | D:2      | Reached XP level 3. HP: 21/21 MP: 2/6
  1147 | D:2      | Noticed Terence
  1224 | D:2      | Killed Terence
  1296 | D:2      | Reached XP level 4. HP: 16/27 MP: 5/7
  1369 | D:2      | Reached skill level 4 in Fire Magic
  1384 | D:2      | Found Upuawea's Antique Weapon Shop.
  1923 | D:3      | Gained mutation: You have supernaturally acute eyesight.
                  | (SInv) [potion of mutation]
  1923 | D:3      | Gained mutation: You are partially covered in iridescent
                  | scales. (AC +2) [potion of mutation]
  1923 | D:3      | Gained mutation: You occasionally lose the ability to read
                  | scrolls when taking damage. [potion of mutation]
  1923 | D:3      | Gained mutation: Your skin blends seamlessly with your
                  | surroundings (Stealth++). [potion of mutation]
  1934 | D:3      | Killed from afar by an orc priest

Illustrated notes

Levels and vault maps discovered:
D:1:      orjb1_lava_funnel, layout_loops_cross, serial_rivers,
          chequers_serial_rivers_small_a, chequers_serial_rivers_small_a,
          chequers_serial_rivers_micro_b, chequers_serial_rivers_room_a,
          chequers_serial_rivers_small_a, chequers_serial_rivers_small_3,
          chequers_serial_rivers_micro_c, nicolae_concentric_dashed_squares_mild
D:2:      layout_loops_corners, serial_shops, nicolae_shop_hallway_plus,
          uniq_terence
D:3:      layout_loops_cross, mainiacjoe_overflow_catch_the_wave,
          gammafunk_ghost_cemetery, kennysheep_generic_room_14, uniq_natasha,
          uniq_robin

Skill      XL: |  1  2  3  4 |
---------------+-------------+-----
Stealth        | 3 |  3.4
Fire Magic     | 4 |  4.0
Short Blades   | |  0.7
Throwing       | |  0.6
Dodging        | |  2.6
Spellcasting   | |  2.3
Conjurations   | |  1.5

Action                     |  1- 3 |  4- 6 || total
---------------------------+-------+-------++-------
  Melee: Unarmed           |    10 |       ||    10
         Constrict         |     8 |     2 ||    10
         Dagger            |    16 |     8 ||    24
         Tentacles         |     6 |     1 ||     7
  Throw: Dart              |     8 |     7 ||    15
   Cast: Foxfire           |    29 |    14 ||    43
    Use: Scroll            |     2 |     1 ||     3
         Potion            |       |     2 ||     2
   Stab: Sleeping          |     4 |     3 ||     7
 Armour: Skin              |     6 |     2 ||     8
  Dodge: Dodged            |    19 |     4 ||    23

Table legend: (Time is in decaauts)
 A = Elapsed time spent in this place.
 B = Non-inter-level travel time spent in this place.
 C = Inter-level travel time spent in this place.
 D = Time resting spent in this place.
 E = Time spent auto-exploring this place.
 F = Levels seen in this place.
 G = Mean time per level.
                   A        B        C        D        E       F      G
               +--------+--------+--------+--------+--------+-----+--------+
         Total |   1932 |   1891 |     41 |     38 |   1471 |   3 |  644.0 |
       Dungeon |   1932 |   1891 |     41 |     38 |   1471 |   3 |  644.0 |
               +--------+--------+--------+--------+--------+-----+--------+

Top non-repeatable levels by time:
     D:2: 1100 daAuts
     D:1: 803 daAuts
     D:3: 28 daAuts
